 Dungeon Crawl Stone Soup version 0.19-a0-1899-g2d93087 (webtiles) character file.

46921 dobroeutro the Markscentaur (level 14, -3/133 HPs)
             Began as a Centaur Hunter on Oct 20, 2016.
             Was the Champion of Okawaru.
             Drowned by a drowned soul (17 damage)
             ... summoned by a merfolk avatar
             ... on level 6 of the Lair of Beasts.
             The game lasted 00:40:38 (20142 turns).

dobroeutro the Markscentaur (Centaur Hunter)       Turns: 20142, Time: 00:40:39

Health: -3/133     AC: 25    Str: 17    XL:     14   Next: 6%
Magic:  12/14      EV: 18    Int: 10    God:    Okawaru [******]
Gold:   1181       SH:  0    Dex: 13    Spells: 0 memorised, 13 levels left

rFire  . . .     SeeInvis .     v - +9 shortbow of Inflation {velocity, +Inv +Fly rF- Dex+3}
rCold  . . .     Gourm    .     R - +0 steam dragon scales
rNeg   + . .     Faith    .     (shield currently unavailable)
rPois  .         Spirit   .     K - +2 helmet of an ossuary {Dex-5 Slay+2 Stlth+}
rElec  .         Reflect  .     P - +2 cloak {+Inv}
rCorr  .         Harm     .     u - +1 pair of gloves
MR     ++...                    c - +2 centaur barding {rF+}
Stlth  ++++......               S - macabre finger necklace {rN+}
                                t - +2 ring of dexterity
                                w - +4 ring of evasion
                                X - ring of protection from magic

@: heroism, barbed spikes, mesmerised, very quick
A: hooves 3, deformed body, speed 2, mutation resistance 1, tough skin 3
a: Heroism, Finesse, Renounce Religion, Evoke Invisibility, Evoke Flight


You were on level 6 of the Lair of Beasts.
You worshipped Okawaru.
Okawaru was exalted by your worship.
You were not hungry.

You visited 2 branches of the dungeon, and saw 18 of its levels.
You also visited: Ossuary.

You collected 1181 gold pieces.

Inventory:

Hand Weapons
 a - a +2 shortbow
 q - a +2 dagger of venom
 v - the +9 shortbow of Inflation (weapon) {velocity, +Inv +Fly rF- Dex+3}
   (Okawaru gifted it to you on level 4 of the Lair of Beasts)

   Any arrow fired from it inflicts extra damage.
   It affects your dexterity (+3).
   It makes you vulnerable to fire.
   It lets you turn invisible.
   It lets you fly.
 N - the +5 shortbow "Misuve" {flame, rElec rC+ Str+6 Stlth-}
   (Okawaru gifted it to you on level 1 of the Lair of Beasts)

   It causes projectiles fired from it to burn those they strike, causing extra
   injury to most foes and up to half again as much damage against particularly
   susceptible opponents.
   It affects your strength (+6).
   It protects you from cold.
   It insulates you from electricity.
   It makes you less stealthy.
 U - a +1 longbow of venom
Missiles
 d - 128 arrows (quivered)
Armour
 c - a +2 centaur barding of fire resistance (worn)
 s - a +2 helmet
 u - a +1 pair of gloves (worn)
 K - the +2 helmet of an ossuary (worn) {Dex-5 Slay+2 Stlth+}
   (You found it on level 7 of the Dungeon)

   It affects your dexterity (-5).
   It affects your accuracy and damage with ranged weapons and melee attacks
   (+2).
   It makes you more stealthy.
 P - a +2 cloak of invisibility (worn)
 R - +0 steam dragon scales (worn)
Jewellery
 b - an uncursed ring of flight
 t - a +2 ring of dexterity (right hand)
 w - a +4 ring of evasion (left hand)
 S - the macabre finger necklace (around neck) {rN+}
   (You found it on level 11 of the Dungeon)

   [amulet of nothing]

   It protects you from negative energy.
 X - a ring of protection from magic (on amulet)
Wands
 i - a wand of hasting (6/9)
 p - a wand of teleportation (6/9)
 Q - a wand of teleportation (6/9)
Scrolls
 e - 6 scrolls of teleportation
 j - 12 scrolls of identify
 A - a scroll of recharging
 F - 2 scrolls of blinking
 H - a scroll of fear
 J - 6 scrolls of remove curse
 V - a scroll of torment {unknown}
 Y - a scroll of enchant armour
 Z - a scroll of magic mapping
Potions
 k - 4 potions of cancellation
 l - a potion of mutation {unknown}
 m - 6 potions of curing
 o - 4 potions of brilliance
 r - 7 potions of agility
 z - a potion of berserk rage
 B - a potion of magic
 C - 6 potions of haste
 D - 2 potions of invisibility
 O - a potion of resistance
 T - 5 potions of might
Books
 G - a book of Cantrips

   Spells                             Type                      Level
   a - Confusing Touch                Hexes                        1
   b - Animate Skeleton               Necromancy                   1
   c - Summon Small Mammal            Summoning                    1
   d - Apportation                    Translocation                1
Comestibles
 f - 9 bread rations
 g - 13 meat rations
 h - a slice of pizza
 n - 13 fruits
 x - 7 chunks of flesh
 E - 5 beef jerkies
 M - 3 royal jellies


   Skills:
 + Level 14.9(19.9) Fighting
 + Level 19.1(24.1) Bows
 + Level 6.1(11.1) Armour
 + Level 6.7(11.7) Dodging
 - Level 0.4(5.4) Stealth


You had 13 spell levels left.
You didn't know any spells.

Dungeon Overview and Level Annotations

Branches:
Dungeon (12/15)            Temple (0/1) D:5            Lair (6/6) D:11
  Swamp (0/4) Lair:4        Snake (0/4) Lair:3          Orc (0/2) D:11
  Slime: Lair:5-6

Altars:
Ashenzari
Elyvilon
Fedhas
Makhleb
Okawaru
Sif Muna
Trog
Uskayaw
Vehumet
Zin
The Shining One

Shops:
D:5 }

Annotations:
D:7 4 runed doors
D:8 1 runed door
D:12 Rupert


Innate Abilities, Weirdness & Mutations

You have hooves in place of feet.
Armour fits poorly on your strangely shaped body.
You cover ground very quickly.
You have extremely tough skin. (AC +3)
You are somewhat resistant to further mutation.


Message History

Aim: a merfolk avatar (water, mesmerising)
You shoot an arrow. The arrow hits the merfolk avatar.
The merfolk avatar is lightly wounded.
You hear a splash.
The spiny frog stings you but does no damage.
The drowned soul touches you. The drowned soul drowns you!
* * * LOW HITPOINT WARNING * * *
Firing (i - inventory):
d - 129 arrows (quivered)
Press: ? - help, Shift-Dir - straight line, f/p - merfolk avatar
Aim: a merfolk avatar (water, lightly wounded, mesmerising)
You shoot an arrow. The arrow hits the merfolk avatar!
The merfolk avatar is moderately wounded.
You hear a splash.
The drowned soul touches you. The drowned soul drowns you!
* * * LOW HITPOINT WARNING * * *
The spiny frog completely misses you.
A wyvern comes into view.
You feel much better. The drowned soul touches you.
The drowned soul drowns you!
You die...

. ≈≈≈≈ # . ≈≈≈ ≈#≈≈
.###. #≈≈#######...#####
....≈##P#(≈8#8≈≈≈≈lP≈≈8#
#...≈≈≈≈≈≈(≈#≈P≈≈P#≈≈≈≈#
# #≈≈≈≈≈≈≈(≈#≈≈≈#P≈≈≈≈≈#
#≈≈##≈≈≈((#≈≈≈≈≈P≈≈≈≈#
###≈##†#≈((#(≈≈%?[!≈≈≈≈
#...P≈≈≈≈#((((F@m≈%≈≈≈≈
##P.≈≈≈≈≈≈#((≈≈$W≈|≈≈≈≈
###..##≈#≈#≈.(≈≈$?|)≈≈≈≈
#.#..##≈≈≈≈≈#≈≈≈≈≈P≈≈≈≈#
#..≈.≈P≈≈≈≈≈#P≈(≈≈≈≈≈≈≈#
#..P≈≈≈≈≈≈≈≈#≈≈≈(≈≈≈≈≈≈#
....≈##≈#P≈≈#.≈≈≈P(≈≈≈≈#
.....≈#≈################
.##..≈≈≈≈≈≈≈≈≈≈≈P≈


You could see a merfolk avatar, a spiny frog, a wyvern (wandering) and a drowned
soul.

Vanquished Creatures
  Josephine (Lair:5)
  6 hydras
  A death knight (D:11)
  2 skeletal warriors (D:11)
  2 hill giants (D:11)
  A harpy (Lair:6)
  A necromancer (Lair:4)
  The ghost of Lochraine the Spear-Bearer, a novice MfGl of Ashenzari (D:6)
  An ugly thing (D:11)
  3 manticores (Lair:6)
  An elephant (Lair:6)
  5 black mambas
  Maurice (D:9)
  16 spiny frogs
  3 rime drakes (Lair:6)
  11 komodo dragons
  A freezing wraith (D:11)
  3 trolls
  A merfolk (D:10)
  3 polar bears (Lair:6)
  2 two-headed ogres
  10 hippogriffs
  A hornet (Lair:6)
  Prince Ribbit (D:5)
  12 dream sheep
  7 blink frogs
  5 wraiths (Lair:5)
  A wyvern (D:11)
  9 yaks
  A hungry ghost (D:9)
  2 basilisks
  2 steam dragons (D:11)
  A mottled dragon (D:11)
  4 swamp worms (Lair:4)
  7 porcupines
  21 water moccasins
  7 orc warriors
  3 phantoms
  Duvessa (D:5)
  3 sky beasts
  2 black bears
  3 ice beasts
  6 ogres
  16 wolves
  The ghost of p0werm0de the Insei, an amateur DsEn (D:3)
  7 centaurs
  9 crocodiles
  4 big kobolds
  2 gnoll sergeants (D:11)
  11 bullfrogs
  A wyvern zombie (D:6)
  Dowan (D:5)
  11 scorpions
  58 killer bees
  3 howler monkeys
  3 wights (D:8)
  An electric eel (Lair:4)
  2 crimson imps
  2 centaur zombies
  A quasit (D:8)
  A bullfrog zombie (D:7)
  A human zombie (D:5)
  5 jellies
  6 hounds
  15 orc wizards
  13 orc priests
  2 bullfrog skeletons
  A centaur skeleton (D:9)
  7 iguanas
  Natasha (thrice) (D:3)
  4 yak simulacra (Lair:4)
  2 polar bear simulacra (Lair:4)
  5 worker ants
  2 big kobold zombies (Ossuary)
  A hound zombie (D:11)
  A hound skeleton (D:9)
  3 mummies (Ossuary)
  A howler monkey zombie (D:8)
  2 worker ant zombies (D:6)
  Robin (D:3)
  19 gnolls
  5 scorpion zombies (Ossuary)
  15 adders
  2 shadow imps
  An ooze (D:1)
  An adder zombie (D:9)
  3 adder skeletons
  4 worms
  6 dart slugs
  6 leopard geckos
  54 orcs
  2 giant cockroaches
  24 goblins
  18 hobgoblins
  12 jackals
  22 kobolds
  4 quokkas
  5 bats
  7 frilled lizards
  5 goblin zombies (Ossuary)
  A hobgoblin zombie (Ossuary)
  A jackal skeleton (D:4)
  2 kobold zombies (Ossuary)
  A leopard gecko skeleton (D:4)
  2 leopard gecko zombies (D:5)
  An orc zombie (Ossuary)
  A quokka zombie (D:8)
  6 rats
  A rat zombie (D:5)
  5 river rat simulacra (Lair:4)
  3 plants
623 creatures vanquished.

Vanquished Creatures (others)
  3 plants
3 creatures vanquished.

Grand Total: 626 creatures vanquished

Notes
Turn   | Place    | Note
-------+----------+-------------------------------------------
     0 | D:1      | dobroeutro the Centaur Hunter began the quest for the Orb.
     0 | D:1      | Reached XP level 1. HP: 17/17 MP: 1/1
   178 | D:1      | Reached XP level 2. HP: 17/25 MP: 2/2
   438 | D:1      | Reached skill level 6 in Bows
   869 | D:2      | Reached XP level 3. HP: 30/30 MP: 3/3
  1253 | D:2      | Reached XP level 4. HP: 35/38 MP: 4/4
  1653 | D:3      | Noticed Natasha
  1659 | D:3      | Killed Natasha
  1695 | D:3      | Noticed p0werm0de's ghost (amateur DsEn)
  1728 | D:3      | Reached skill level 7 in Bows
  1748 | D:3      | Killed p0werm0de's ghost
  1748 | D:3      | Reached XP level 5. HP: 34/46 MP: 5/5
  2043 | D:3      | Noticed Natasha
  2053 | D:3      | Killed Natasha
  2053 | D:3      | Reached XP level 6. HP: 24/53 MP: 6/6
  2179 | D:3      | Noticed Natasha
  2191 | D:3      | Killed Natasha
  2191 | D:3      | Reached skill level 8 in Bows
  2404 | D:3      | Found a glowing golden altar of the Shining One.
  2422 | D:3      | Noticed Robin
  2431 | D:3      | Killed Robin
  2745 | D:4      | Reached skill level 5 in Fighting
  2924 | D:4      | Found a white marble altar of Elyvilon.
  2934 | D:4      | Reached XP level 7. HP: 26/61 MP: 7/7
  3095 | D:4      | Reached skill level 9 in Bows
  3458 | D:4      | Found an iron altar of Okawaru.
  3466 | D:4      | Became a worshipper of Warmaster Okawaru
  3496 | D:5      | Entered Level 5 of the Dungeon
  3765 | D:5      | Found a radiant altar of Vehumet.
  3863 | D:5      | Found Wuejar's Gadget Shoppe.
  3902 | D:5      | Gained mutation: You are somewhat resistant to further mutation. [mutagenic meat]
  3903 | D:5      | Found a burning altar of Makhleb.
  3904 | D:5      | Found a glowing silver altar of Zin.
  3904 | D:5      | Found a deep blue altar of Sif Muna.
  4000 | D:5      | Found a staircase to the Ecumenical Temple.
  4016 | D:5      | Found a sand-covered staircase.
  4049 | D:5      | Reached skill level 10 in Bows
  4062 | Ossuary  | Entered an ossuary
  4255 | Ossuary  | Reached XP level 8. HP: 71/71 MP: 8/8
  4333 | Ossuary  | Reached * piety under Okawaru
  4496 | Ossuary  | Reached skill level 11 in Bows
  4675 | D:5      | Noticed Duvessa
  4677 | D:5      | Noticed Dowan
  4696 | D:5      | Killed Duvessa
  4699 | D:5      | Killed Dowan
  4699 | D:5      | Reached ** piety under Okawaru
  4967 | D:5      | Noticed Prince Ribbit
  4993 | D:5      | Killed Prince Ribbit
  5173 | D:5      | Reached skill level 12 in Bows
  5173 | D:5      | Reached XP level 9. HP: 68/82 MP: 9/9
  5249 | D:5      | Found a shattered altar of Ashenzari.
  5254 | D:5      | Found a hide-covered altar of Uskayaw.
  5254 | D:5      | Found a blossoming altar of Fedhas.
  5256 | D:5      | Found a bloodstained altar of Trog.
  5330 | D:6      | Noticed a komodo dragon
  5351 | D:6      | Killed a komodo dragon
  5590 | D:6      | Noticed Lochraine's ghost (novice MfGl)
  5671 | D:6      | Killed Lochraine's ghost
  5671 | D:6      | Reached *** piety under Okawaru
  5671 | D:6      | Reached skill level 13 in Bows
  6503 | D:6      | Reached skill level 10 in Fighting
  6511 | D:6      | Reached **** piety under Okawaru
  7327 | D:7      | Reached XP level 10. HP: 86/93 MP: 10/10
  7437 | D:7      | Got an ancient helmet
  7448 | D:7      | Identified the +2 helmet of an ossuary {Dex-5 Slay+2 Stlth+} (You found it on level 7 of the Dungeon)
  7554 | D:7      | Reached skill level 14 in Bows
  7771 | D:7      | Received a gift from Okawaru
  8043 | D:7      | Found a huge runed gate.
  8043 | D:7      | Found a huge runed gate.
  8043 | D:7      | Found a huge runed gate.
  8043 | D:7      | Found a huge runed gate.
  8930 | D:8      | Found a runed door.
  8987 | D:8      | Noticed a sixfirhy
  9657 | D:9      | Reached ***** piety under Okawaru
  9697 | D:9      | Noticed Maurice
  9706 | D:9      | Killed Maurice
  9706 | D:9      | Reached skill level 15 in Bows
  9819 | D:9      | Received a gift from Okawaru
 10366 | D:10     | Entered Level 10 of the Dungeon
 10468 | D:10     | Reached XP level 11. HP: 104/104 MP: 11/11
 11287 | D:11     | Noticed a skeletal warrior
 11287 | D:11     | Noticed a skeletal warrior
 11380 | D:11     | Killed a skeletal warrior
 11380 | D:11     | Reached skill level 16 in Bows
 11690 | D:11     | Killed a skeletal warrior
 11692 | D:11     | Noticed a death knight
 11728 | D:11     | Received a gift from Okawaru
 11935 | D:11     | Noticed a cyan ugly thing
 12286 | D:10     | Received a gift from Okawaru
 12523 | D:11     | Noticed a hill giant
 12539 | D:11     | Killed a hill giant
 12682 | D:11     | Killed a death knight
 12682 | D:11     | Received a gift from Okawaru
 13045 | D:11     | Killed a cyan ugly thing
 13190 | D:11     | Received a gift from Okawaru
 13203 | D:11     | Reached skill level 1 in Armour
 13223 | D:11     | Reached skill level 17 in Bows
 13310 | D:11     | Found a staircase to the Lair.
 13340 | D:11     | Found a staircase to the Orcish Mines.
 13601 | D:11     | Noticed a hill giant
 13620 | D:11     | Killed a hill giant
 13685 | D:12     | Noticed Rupert
 14237 | Lair:1   | Entered Level 1 of the Lair of Beasts
 14261 | Lair:1   | Reached XP level 12. HP: 115/115 MP: 12/12
 14888 | Lair:1   | Noticed an eight-headed hydra
 14895 | Lair:1   | Killed an eight-headed hydra
 15197 | Lair:1   | Received a gift from Okawaru
 15200 | Lair:1   | Got a brightly glowing shortbow {god gift}
 15201 | Lair:1   | Identified the +5 shortbow "Misuve" {flame, rElec rC+ Str+6 Stlth-} (Okawaru gifted it to you on level 1 of the Lair of Beasts)
 15734 | Lair:2   | Noticed a four-headed hydra
 15740 | Lair:2   | Killed a four-headed hydra
 16541 | Lair:3   | Reached skill level 18 in Bows
 16573 | Lair:3   | Reached ****** piety under Okawaru
 16593 | Lair:3   | Found a staircase to the Snake Pit.
 16768 | Lair:3   | Reached XP level 13. HP: 124/124 MP: 13/13
 16886 | Lair:3   | Reached skill level 5 in Dodging
 17144 | Lair:4   | Received a gift from Okawaru
 17334 | Lair:4   | Found a staircase to the Swamp.
 17454 | Lair:4   | Received a gift from Okawaru
 17461 | Lair:4   | Got a twisted shortbow {god gift}
 17462 | Lair:4   | Identified the +9 shortbow of Inflation {velocity, +Inv +Fly rF- Dex+3} (Okawaru gifted it to you on level 4 of the Lair of Beasts)
 17742 | Lair:4   | Reached skill level 5 in Armour
 19238 | Lair:5   | Received a gift from Okawaru
 19319 | Lair:5   | Noticed Josephine
 19325 | Lair:5   | Killed Josephine
 19778 | Lair:6   | Entered Level 6 of the Lair of Beasts
 20076 | Lair:6   | Reached skill level 19 in Bows
 20106 | Lair:6   | Reached XP level 14. HP: 76/133 MP: 14/14
 20141 | Lair:6   | HP: 1/133 [drowned by a drowned soul[a merfolk avatar] (14)]
 20142 | Lair:6   | Drowned by a drowned soul

Vault maps used:
D:1:      eino_arrival_cavern_c
D:2:      eino_curves_02, hex_large
D:3:      nicolae_overflow_crystal_walls, uniq_natasha, uniq_robin
D:4:      nicolae_overflow_hidden_temple, kennysheep_okawaru_gauntlet,
          first_bread, minivault_14
D:5:      kennysheep_little_box, grunt_temple_overflow_open,
          portal_sewer_entry_d, enter_ossuary_3, serial_shops, shop,
          uniq_duvessa, uniq_prince_ribbit1
D:6:      corexii_shantytown, minmay_misc_feat_x, grunt_ministairs_13,
          minmay_a_box_with_orc_wizards_in_it
D:7:      lemuel_bear_cage
D:8:      cheibrodos_shockbox
D:9:      uniq_maurice
D:10:     abandoned_shop, hangedman_fish_farm, chequers_big_river
D:11:     david_lair_shrubbed, kennysheep_orc_monster_closet_entryway,
          kennysheep_generic_room_12
D:12:     enter_trove_5, uniq_rupert
Lair:1:   beast_lair_carwin_1
Lair:3:   beast_lair_carwin_large_2, minmay_snake_entry_six_corridors,
          infiniplex_staircase_pool_2
Lair:4:   nicolae_swamp_entry_splash_gauntlet, eino_house_with_fridge,
          lemuel_fruit_tree
Lair:5:   wad_woods_minihive, uniq_josephine
Lair:6:   gammafunk_lair_ancient_temple, slime_altar_2
Ossuary:  ossuary_minmay_scorpions

Skill      XL: |  1  2  3  4  5  6  7  8  9 10 11 12 13 |
---------------+----------------------------------------+-----
Bows           | 6 7 8 10 12 13 15 17 18 19 | 19.1
Fighting       | 3 4 5 6 8 10 11 13 14 | 14.9
Armour         | 2 4 6 |  6.1
Dodging        | 2 4 6 |  6.7
Stealth        | |  0.4

Action                   |  1- 3 |  4- 6 |  7- 9 | 10-12 | 13-15 || total
-------------------------+-------+-------+-------+-------+-------++-------
Melee: Short sword       |   103 |       |       |       |       ||   103
       Kick              |    22 |    50 |    43 |    30 |       ||   145
       Dagger            |    13 |   226 |   137 |    61 |       ||   437
       Shortbow          |       |       |     1 |       |       ||     1
 Fire: Shortbow          |     5 |    26 |   508 |  1006 |   489 ||  2034
       Longbow           |       |       |       |    79 |       ||    79
Invok: Heroism           |       |       |       |     4 |     1 ||     5
  Use: Scroll            |       |       |    19 |     9 |     1 ||    29
       Potion            |       |       |     1 |       |     6 ||     7
  Eat: Chunk             |       |     5 |     4 |     6 |     1 ||    16
       Bread ration      |       |       |     2 |     4 |     1 ||     7
Armor: Leather armour    |    52 |    95 |   129 |    41 |       ||   317
       Skin              |       |       |     3 |       |       ||     3
       Steam dragon scal |       |       |       |    80 |    99 ||   179
Dodge: Dodged            |    58 |   130 |   197 |   144 |   165 ||   694
